 Dungeon Crawl Stone Soup version 0.28.0-53-g5a82cb258f (webtiles) character file.

Game seed: 933830927726004417

39 MisterFreud the Scratcher (level 3, -6/17 HPs)
             Began as a Felid Berserker on Aug 5, 2022.
             Was a Follower of Trog.
             Mangled by a gnoll
             ... wielding a +0 spear
              (9 damage)
             ... on level 3 of the Dungeon.
             The game lasted 00:02:07 (2492 turns).

MisterFreud the Scratcher (Felid Berserker)         Turns: 2492, Time: 00:02:09

Health: -6/17      AC:  1    Str: 13    XL:     3   Next: 26%
Magic:  4/4        EV: 18    Int:  8    God:    Trog [*.....]
Gold:   123        SH:  0    Dex: 17    Spells: 2/2 levels left
                                        Lives:  0   Deaths: 1

rFire   . . .      SeeInvis +     - Unarmed
rCold   . . .      Faith    .   (shield unavailable)
rNeg    . . .      Spirit   .   (armour unavailable)
rPois   .          Reflect  .   (helmet unavailable)
rElec   .          Harm     .   (cloak unavailable)
rCorr   .          Rampage  .   (gloves unavailable)
Will    .....                   (boots unavailable)
Stlth   +++.......              (no amulet)
HPRegen 0.05/turn               (no ring)
MPRegen 0.09/turn               (no ring)

@: quick
A: very small, claws 1, fangs 3, see invisible, speed 1, shaggy fur 1, stealthy
paws, no weapons or thrown items, no armour, multi-lived
a: Renounce Religion, Berserk


You were on level 3 of the Dungeon.
You worshipped Trog.
Trog was aware of your devotion.
You visited 1 branch of the dungeon, and saw 3 of its levels.

You collected 123 gold pieces.

Inventory:

Wands
 k - a wand of flame (26)
Scrolls
 a - a scroll of teleportation
Potions
 c - a potion of attraction
 f - a potion of mutation
 g - a potion of lignification {unknown}
 l - a potion of magic {unknown}
 m - a potion of flight {unknown}


   Skills:
 - Level 3.0 Fighting
 - Level 4.0 Dodging
 + Level 4.0 Stealth
 + Level 4.2 Unarmed Combat


You had 2 spell levels left.
You didn't know any spells.
Your spell library was empty.

Dungeon Overview and Level Annotations

Branches:
Dungeon (3/15)

Altars:


Innate Abilities, Weirdness & Mutations

You have sharp claws.
You have razor-sharp teeth.
You have supernaturally acute eyesight. (SInv)
You cover ground quickly. (Speed+)
You are covered in fur. (AC +1)
Your paws help you pounce on unaware monsters.
You are incapable of wielding weapons or throwing items.
You cannot wear armour.
You gain extra lives every three experience levels.


Message History

You feel a strong urge to attack something.
You are no longer berserk.
You are exhausted.
You feel yourself slow down.
There is an open door here.
The gnoll barely misses you.
You see here a +0 scale mail.
The gnoll hits you with a +0 club!
You die...
The gnoll closely misses you.
You are now level 3!
You rejoin the land of the living...
Unknown command.
Unknown command.
A gnoll is nearby!
A gnoll is nearby!
The gnoll closely misses you.
You barely miss the gnoll. You bite the gnoll.
The gnoll is lightly wounded.
The gnoll closely misses you.
The gnoll hits you from afar with a +0 spear.
You closely miss the gnoll.
The gnoll is lightly wounded.
The gnoll hits you with a +0 club!
* * * LOW HITPOINT WARNING * * *
The gnoll closely misses you.
You are too injured to fight recklessly!
You scratch the gnoll.
The gnoll is moderately wounded.
The gnoll barely misses you.
You closely miss the gnoll. Your bite misses the gnoll.
The gnoll is moderately wounded.
The gnoll misses you.
You barely miss the gnoll. Your claw misses the gnoll.
The gnoll is moderately wounded.
The gnoll hits you with a +0 club.
* * * LOW HITPOINT WARNING * * *
The gnoll hits you from afar with a +0 spear!
Ouch! That really hurt!
You die...

..##......##########.#.##########
..##......####*#####.#.##########
..##.............................
..##......##########.#.##########
..##......# #.#.# ..#....##.#
#.#.######## ..†....##.#
#.#...^....#
..#.....#.##########.#.#.####.###
..#.....#.....gg@................
........#.#######################
....###.#.# *,,,,,,,,,,,,
..gg†.....# *,,*,,,*,,,*,
....###.###**********_,,,,,,,,,,,
....# *,,,,,,,,,,,,,*,,*,,,*,,,*,
....# *,,#***********,,,,,,,,,,,,
.>..# *,.#### *************
#######.....#*############*,*,*


You could see 2 gnolls.

Vanquished Creatures
  Terence (D:2)
  A gnoll (D:3)
  2 adders (D:2)
  A dart slug (D:1)
  2 ball pythons (D:2)
  5 bats
  2 endoplasms
  A goblin (D:1)
  3 hobgoblins
  2 quokkas
  2 frilled lizards
  4 kobolds (D:1)
  7 rats
33 creatures vanquished.

Notes
Turn   | Place    | Note
-------+----------+-------------------------------------------
     0 | D:1      | MisterFreud the Felid Berserker began the quest for the
                  | Orb.
     0 | D:1      | Reached XP level 1. HP: 10/10 MP: 2/2
   153 | D:1      | Reached skill level 1 in Stealth
   181 | D:1      | Reached XP level 2. HP: 7/14 MP: 3/3
   913 | D:1      | Found a faded altar of an unknown god.
  1205 | D:2      | Reached XP level 3. HP: 17/17 MP: 4/4
  1398 | D:2      | Noticed Terence
  1409 | D:2      | Killed Terence
  1416 | D:2      | Reached XP level 4. HP: 13/21 MP: 5/5
  2468 | D:3      | Slain by a gnoll
  2469 | D:3      | Reached XP level 3. HP: -4/17 MP: 4/4
  2492 | D:3      | Mangled by a gnoll

Illustrated notes

Levels and vault maps discovered:
D:1:      minmay_arrival_split_and_join, layout_basic,
          chequers_ecumenical_altar_grove
D:2:      layout_loops_ring, uniq_terence
D:3:      layout_basic, lemuel_coloured_pillars_altar

Skill      XL: |  1  2  3  4 |
---------------+-------------+-----
Stealth        | 1 2 3 4 |  4.0
Unarmed Combat | 4 |  4.2
Fighting       | |  3.0
Dodging        | |  4.0

Action                   |  1- 3 |  4- 6 || total
-------------------------+-------+-------++-------
Melee: Unarmed           |    58 |    19 ||    77
       Bite              |     8 |     2 ||    10
Invok: Berserk           |     1 |     1 ||     2
  Use: Scroll            |       |     9 ||     9
 Stab: Sleeping          |     3 |     2 ||     5
Armor: Skin              |     3 |     1 ||     4
Dodge: Dodged            |    36 |    17 ||    53
